 Dungeon Crawl Stone Soup version 0.20.1-1-g8b1a95d66d (webtiles) character file.

142 Pixllover the Cudgeler (level 5, -3/46 HPs)
             Began as a Minotaur Berserker on Dec 26, 2017.
             Was a Priest of Trog.
             Slain by bpy6's ghost (10 damage)
             ... on level 3 of the Dungeon.
             The game lasted 00:08:57 (2131 turns).

Pixllover the Cudgeler (Minotaur Berserker)         Turns: 2131, Time: 00:08:58

Health: -3/46      AC:  5    Str: 22    XL:     5   Next: 4%
Magic:  4/4        EV: 12    Int:  4    God:    Trog [***...]
Gold:   90         SH:  0    Dex: 10    Spells: 4/4 levels left

rFire    . . .     SeeInvis .   a - +1 mace
rCold    . . .     Gourm    .   (no shield)
rNeg     . . .     Faith    .   g - +0 ring mail
rPois    +         Spirit   .   (helmet restricted)
rElec    .         Reflect  .   (no cloak)
rCorr    .         Harm     .   (no gloves)
MR       .....                  (no boots)
Stlth    ..........             (no amulet)
Regen    0.2/turn               (no ring)
MPRegen  0.1/turn               o - ring of poison resistance

@: drained
A: retaliatory headbutt, horns 2
a: Berserk, Trog's Hand, Burn Spellbooks, Renounce Religion


You were on level 3 of the Dungeon.
You worshipped Trog.
Trog was most pleased with you.
You were not hungry.

You visited 1 branch of the dungeon, and saw 3 of its levels.

You collected 90 gold pieces.

Inventory:

Hand Weapons
 a - a +1 mace (weapon)
Missiles
 d - 73 stones (quivered)
 k - 18 arrows
Armour
 b - a +0 animal skin
 g - a +0 ring mail (worn)
Jewellery
 o - a ring of poison resistance (right hand)
Scrolls
 i - 2 scrolls of enchant weapon
 n - a scroll of magic mapping
 q - a scroll of remove curse
Potions
 e - 2 potions of flight
 h - a potion of ambrosia {unknown}
 j - a potion of cancellation {unknown}
 l - a potion of agility {unknown}
 p - a potion of might {unknown}
 r - a potion of curing {unknown}
Comestibles
 c - 2 bread rations
 f - 6 chunks of flesh
 m - a royal jelly


   Skills:
 + Level 4.2(4.0) Fighting
 + Level 5.2(5.1) Maces & Flails
 + Level 0.2(0.0) Throwing
 + Level 3.8(3.6) Armour
 + Level 3.1(2.9) Dodging


You had 4 spell levels left.
You didn't know any spells.

Dungeon Overview and Level Annotations

Branches:
Dungeon (3/15)

Altars:
Okawaru

Annotations:
D:3 bpy6's ghost, amateur MiCK


Innate Abilities, Weirdness & Mutations

You reflexively headbutt those who attack you in melee.
You have a pair of horns on your head.


Message History

Bpy6's ghost is moderately damaged.
Bpy6's ghost closely misses you.
Bpy6's ghost hits you but does no damage.
You hit bpy6's ghost. You headbutt bpy6's ghost.
Bpy6's ghost is heavily damaged.
Bpy6's ghost hits you!
You thump bpy6's ghost! You headbutt bpy6's ghost.
Bpy6's ghost is almost destroyed.
Bpy6's ghost hits you.
You barely miss bpy6's ghost.
Bpy6's ghost is almost destroyed.
Bpy6's ghost hits you but does no damage.
You closely miss bpy6's ghost. You headbutt bpy6's ghost.
Bpy6's ghost is almost destroyed.
Bpy6's ghost hits you!
* * * LOW HITPOINT WARNING * * *
You hit bpy6's ghost but do no damage.
Bpy6's ghost is almost destroyed.
Bpy6's ghost hits you!
You die...

..## ...>.. ## ### .... ##.#...
.##.... .. #..##..#.. ......#
#.##...#.##.## ##.....#
#..#.#...##..###..#...##
#.#.##..........##.....
#........#.....<.$.....
#.......W..)...>......
#......@.....)........ ##
#........).)))...<.... .#
####..................... .#
#........................
.######.####..#................
........# ##..................
[######## ##.................
.# #........########. .#
##.......#


You could see bpy6's ghost.

Vanquished Creatures
  An orc priest (D:3)
  Robin (D:2)
  2 adders (D:2)
  2 worms (D:3)
  2 leopard geckos (D:3)
  3 orcs (D:3)
  2 giant cockroaches (D:3)
  20 goblins
  11 hobgoblins
  2 jackals (D:3)
  7 kobolds
  A ball python (D:3)
  8 bats
  6 frilled lizards
  3 rats
71 creatures vanquished.

Notes
Turn   | Place    | Note
-------+----------+-------------------------------------------
     0 | D:1      | Pixllover the Minotaur Berserker began the quest for the Orb.
     0 | D:1      | Reached XP level 1. HP: 19/19 MP: 0/0
     3 | D:1      | Noticed an electric eel
     8 | D:1      | Noticed an electric eel
    88 | D:1      | Reached skill level 4 in Maces & Flails
   183 | D:1      | Reached XP level 2. HP: 24/26 MP: 1/1
   776 | D:2      | Noticed Robin
   784 | D:2      | Reached XP level 3. HP: 33/33 MP: 2/2
   800 | D:2      | Killed Robin
   806 | D:2      | Reached ** piety under Trog
  1171 | D:2      | Reached XP level 4. HP: 38/40 MP: 3/3
  1255 | D:2      | Found an iron altar of Okawaru.
  1472 | D:2      | Reached skill level 5 in Maces & Flails
  1969 | D:3      | Reached *** piety under Trog
  1993 | D:3      | Reached XP level 5. HP: 46/46 MP: 4/4
  2111 | D:3      | Noticed bpy6's ghost (amateur MiCK)
  2131 | D:3      | Slain by bpy6's ghost

Skill      XL: |  1  2  3  4 |
---------------+-------------+-----
Maces & Flails | 4 5 |  5.2
Armour         | 3 |  3.8
Fighting       | 4 |  4.2
Dodging        | 3 |  3.1
Throwing       | |  0.2

Action                   |  1- 3 |  4- 6 || total
-------------------------+-------+-------++-------
Melee: Mace              |    65 |    54 ||   119
       Headbutt          |     6 |    10 ||    16
Throw: Stone             |       |    13 ||    13
Invok: Berserk           |     1 |     1 ||     2
  Use: Scroll            |     3 |     5 ||     8
       Potion            |       |     1 ||     1
  Eat: Chunk             |     1 |     4 ||     5
       Fruit             |     1 |       ||     1
Armor: Animal skin       |     6 |       ||     6
       Ring mail         |    29 |    30 ||    59
Dodge: Dodged            |    69 |    55 ||   124
